 Dungeon Crawl Stone Soup version 0.21.1-1-g345015fe64 (webtiles) character file.

21016 Gargoyl the Cleaver (level 12, 0/104 HPs)
             Began as a Centaur Abyssal Knight on Mar 22, 2018.
             Was a High Priest of Lugonu.
             Engulfed by a cloud of freezing vapour (21 damage)
             ... in an ice cave.
             The game lasted 00:28:02 (18580 turns).

Gargoyl the Cleaver (Centaur Abyssal Knight)       Turns: 18580, Time: 00:28:02

Health: 0/104      AC: 18    Str: 29    XL:     12   Next: 50%
Magic:  28/28      EV:  6    Int: 14    God:    Lugonu [*****.]
Gold:   731        SH:  8    Dex: 12    Spells: 11/11 levels left

rFire    . . .     SeeInvis .   b - +5 hand axe (freeze)
rCold    . . .     Gourm    .   F - +0 buckler
rNeg     . . .     Faith    .   w - +0 plate armour
rPois    .         Spirit   .   H - +0 helmet of Resilience {Str+2} (curse)
rElec    .         Reflect  +   u - +0 cloak
rCorr    .         Harm     .   q - +1 pair of gloves
MR       .....     NoTele   +   (no barding)
Stlth    ..........             x - +4 amulet of reflection
HPRegen  0.27/turn              g - ring "Cuicrypn" {-Tele +Fly MP+9 Str+8 Int+3}
MPRegen  0.21/turn              E - ring "Leferr" {Str+2 Slay+2}

@: studying Slings, very quick
A: large, hooves 3, rugged brown scales 1, deformed body, speed 2, tough skin 3,
subdued magic 1
a: Depart the Abyss, Bend Space, Banish, Corrupt, Enter the Abyss, Renounce
Religion, Evoke Flight


You were in an ice cave.
You worshipped Lugonu.
Lugonu was extremely pleased with you.
You were not hungry.

You visited 2 branches of the dungeon, and saw 13 of its levels.
You visited the Abyss 1 time.
You also visited: Sewer and Ice Cave.

You collected 780 gold pieces.
You spent 49 gold pieces at shops.

Inventory:

Hand Weapons
 a - a +2 hand axe
 b - a +5 hand axe of freezing (weapon)
Missiles
 f - 18 tomahawks
 i - a tomahawk of returning (quivered)
Armour
 q - a +1 pair of gloves (worn)
 u - a +0 cloak (worn)
 w - a +0 plate armour (worn)
 F - a +0 buckler (worn)
 H - the cursed +0 helmet of Resilience (worn) {Str+2}
   (You found it on level 1 of the Lair of Beasts)

   It affects your strength (+2).
   It has a curse placed upon it.
Jewellery
 g - the ring "Cuicrypn" (left hand) {-Tele +Fly MP+9 Str+8 Int+3}
   (You found it on level 3 of the Abyss)

   [ring of intelligence]

   It affects your strength (+8).
   It affects your intelligence (+3).
   It affects your magic capacity (+9).
   It lets you fly.
   It prevents most forms of teleportation.
 h - an uncursed ring of protection from cold
 x - a +4 amulet of reflection (around neck)
 y - an uncursed ring of flight
 E - the ring "Leferr" (right hand) {Str+2 Slay+2}
   (You found it on level 8 of the Dungeon)

   [ring of slaying]

   It affects your strength (+2).
   It affects your accuracy and damage with ranged weapons and melee attacks
   (+2).
 O - an uncursed amulet of faith {unknown}
 Q - a cursed amulet of rage {unknown}
Wands
 s - a wand of flame (37)
 C - a wand of enslavement (16)
 G - a wand of iceblast (8)
 J - a wand of acid (7)
 M - a wand of clouds (5)
Scrolls
 j - a scroll of amnesia
 l - 6 scrolls of fog
 o - 9 scrolls of teleportation
 r - 11 scrolls of remove curse
 v - a scroll of fear
 K - 2 scrolls of magic mapping
Potions
 e - 3 potions of brilliance
 k - 7 potions of curing
 m - a potion of flight {unknown}
 n - 2 potions of agility
 p - 2 potions of ambrosia
 t - a potion of cancellation
 z - 4 potions of lignification
 D - 3 potions of heal wounds {unknown}
 I - a potion of might {unknown}
 N - 4 potions of haste {unknown}
Books
 d - a book of Beasts

   Spells                             Type                      Level
   a - Summon Butterflies             Summoning                    1
   b - Call Canine Familiar           Summoning                    3
   c - Summon Ice Beast               Ice/Summoning                4
   d - Summon Mana Viper              Hexes/Summoning              5
   e - Summon Hydra                   Summoning                    7
 A - a book of Flames

   Spells                             Type                      Level
   a - Flame Tongue                   Conjuration/Fire             1
   b - Throw Flame                    Conjuration/Fire             2
   c - Conjure Flame                  Conjuration/Fire             3
   d - Inner Flame                    Hexes/Fire                   3
   e - Sticky Flame                   Conjuration/Fire             4
   f - Fireball                       Conjuration/Fire             5
 B - a book of Changes

   Spells                             Type                      Level
   a - Beastly Appendage              Transmutation                1
   b - Sticks to Snakes               Transmutation                2
   c - Spider Form                    Transmutation/Poison         3
   d - Ice Form                       Ice/Transmutation            4
   e - Blade Hands                    Transmutation                5
 L - a book of Maledictions

   Spells                             Type                      Level
   a - Corona                         Hexes                        1
   b - Ensorcelled Hibernation        Hexes/Ice                    2
   c - Confuse                        Hexes                        3
   d - Tukima's Dance                 Hexes                        3
   e - Dazzling Spray                 Conjuration/Hexes            3
 P - a manual of Slings
 S - a book of the Sky

   Spells                             Type                      Level
   a - Summon Lightning Spire         Summoning/Air                4
   b - Silence                        Hexes/Air                    5
   c - Deflect Missiles               Charms/Air                   6
   d - Conjure Ball Lightning         Conjuration/Air              6
   e - Tornado                        Air                          9
Comestibles
 c - 21 rations


   Skills:
 + Level 7.7 Fighting
 + Level 10.4 Axes
 + Level 0.1 Throwing
 * Level 10.0 Armour
 + Level 2.1 Dodging
 + Level 2.9 Shields
 * Level 10.1 Invocations


You had 11 spell levels left.
You didn't know any spells.

Dungeon Overview and Level Annotations

Branches:
Dungeon (9/15)             Temple (0/1) D:4            Lair (4/6) D:8
 Shoals (0/4) Lair:2       Spider (0/4) Lair:3
    Orc: D:9-12

Altars:
Cheibriados
Dithmenos
Gozag
Hepliaklqana
Sif Muna
Uskayaw
Wu Jian
Xom
Zin

Shops:
D:4 *   D:5 *   D:6 *   D:8 (?


Innate Abilities, Weirdness & Mutations

You have hooves in place of feet.
Armour fits poorly on your strangely shaped body.
You cover ground very quickly.
You have extremely tough skin. (AC +3)
You are partially covered in rugged brown scales. (AC +1, +3% HP)
Your spells are a little easier to cast, but a little less powerful.


Message History

You are engulfed in freezing vapours.
You hit the ice statue but do no damage.
You kick the ice statue, but do no damage.
The ice statue is almost destroyed.
You are engulfed in freezing vapours.
You slash the ice statue!
You kick the ice statue, but do no damage.
The ice statue is almost destroyed.
You are engulfed in freezing vapours.
The ice statue gestures at you. The shard of ice hits you!
* * * LOW HITPOINT WARNING * * *
You hit the ice statue.
You destroy the ice statue!
Lugonu accepts your kill.
You are engulfed in freezing vapours.
You are engulfed in freezing vapours.
* * * LOW HITPOINT WARNING * * *
You are engulfed in freezing vapours.
You die...

#..........##
#............##
#........#.....##
......###.......#
..#######.......#
## ##.§......##
###§§§....###
#§§§....###
##@§§.### ###..#
##..# ##... ##..
###


There were no monsters in sight!

Vanquished Creatures
  Nergalle (Lair:2)
  An oklob plant (Lair:2)
  2 black mambas
  2 ice statues (IceCv)
  7 spiny frogs
  2 komodo dragons (Lair:3)
  A rime drake (Lair:1)
  7 polar bears
  A blink frog (Lair:4)
  2 hornets
  A dream sheep (Lair:1)
  A snapping turtle (Lair:2)
  4 hippogriffs
  Sigmund (D:7)
  22 yaks
  Eustachio (D:6)
  A basilisk (Lair:3)
  Edmund (D:6)
  9 water moccasins
  11 porcupines
  3 orc warriors
  8 ice beasts (Lair:4)
  3 ogres
  A black bear (D:6)
  A phantom (D:5)
  12 wolves
  3 centaurs
  9 crocodiles
  Blork the orc (D:5)
  14 bullfrogs
  2 scorpions (Lair:3)
  3 killer bees
  A wight (D:6)
  4 electric eels
  4 crimson imps
  4 orc priests
  2 jellies (D:7)
  Crazy Yiuf (D:5)
  An iguana (D:8)
  An orc wizard (D:7)
  6 worker ants
  2 hound zombies
  A worker ant zombie (D:9)
  13 adders
  2 river rats (Sewer)
  4 shadow imps
  3 oozes
  An adder skeleton (D:5)
  7 worms
  4 dart slugs
  5 leopard geckos
  34 orcs
  3 ball pythons
  11 giant cockroaches
  7 goblins
  12 hobgoblins
  19 jackals
  9 kobolds
  5 quokkas
  6 bats
  5 frilled lizards
  A quokka skeleton (D:5)
  16 rats
  5 fungi
  2 plants
339 creatures vanquished.

Vanquished Creatures (others)
  2 two-headed ogres
  An oklob plant (Lair:2)
  2 spiny frogs (Lair:2)
  A fungus (Lair:4)
6 creatures vanquished.

Grand Total: 345 creatures vanquished

Notes
Turn   | Place    | Note
-------+----------+-------------------------------------------
     0 | Abyss:1  | Gargoyl the Centaur Abyssal Knight began the quest for the Orb.
     0 | Abyss:1  | Reached XP level 1. HP: 19/19 MP: 2/2
    68 | Abyss:2  | Found a corrupted altar of Lugonu.
   128 | Abyss:3  | Noticed a shadow
   172 | Abyss:3  | Got a vibrating golden ring
   188 | Abyss:3  | Noticed a starcursed mass
   188 | D:1      | Escaped the Abyss
   189 | D:1      | Identified the ring "Cuicrypn" {-Tele +Fly MP+9 Str+8 Int+3} (You found it on level 3 of the Abyss)
   789 | D:1      | Reached XP level 2. HP: 26/26 MP: 3/3
  1590 | D:1      | You fall through a shaft!
  1612 | D:2      | Reached * piety under Lugonu
  1612 | D:2      | Reached XP level 3. HP: 31/31 MP: 4/4
  1682 | D:2      | Found a shadowy altar of Dithmenos.
  2035 | D:2      | Reached XP level 4. HP: 26/40 MP: 5/5
  2354 | D:2      | Found a hide-covered altar of Uskayaw.
  2856 | D:2      | Reached ** piety under Lugonu
  3522 | D:3      | Reached XP level 5. HP: 38/46 MP: 7/7
  3611 | D:3      | Reached skill level 1 in Dodging
  3711 | D:3      | Found a glowing silver altar of Zin.
  3829 | D:3      | Found a deep blue altar of Sif Muna.
  4256 | D:4      | Gained mutation: Your spells are a little easier to cast, but a little less powerful. [potion of mutation]
  4256 | D:4      | Gained mutation: You are partially covered in rugged brown scales. (AC +1, +3% HP) [potion of mutation]
  4331 | D:4      | Found a staircase to the Ecumenical Temple.
  4468 | D:4      | Found Creyc's Commerce Corner.
  4476 | D:4      | Bought a +0 cloak for 49 gold pieces
  4548 | D:4      | Reached XP level 6. HP: 50/53 MP: 8/8
  4650 | D:4      | Found a snail-covered altar of Cheibriados.
  4682 | D:4      | Reached *** piety under Lugonu
  4972 | D:4      | Found a glowing drain.
  4984 | Sewer    | Entered a sewer
  5535 | D:5      | Entered Level 5 of the Dungeon
  5561 | D:5      | Noticed Blork the orc
  5571 | D:5      | Killed Blork the orc
  5614 | D:5      | Found Ditulig's Assorted Antiques.
  5747 | D:5      | Reached XP level 7. HP: 49/60 MP: 9/9
  5807 | D:5      | Found a hazy altar of Hepliaklqana.
  6562 | D:5      | Found a runed door.
  6566 | D:5      | Noticed Crazy Yiuf
  6570 | D:5      | Killed Crazy Yiuf
  6637 | D:6      | Found an opulent altar of Gozag.
  6637 | D:6      | Noticed Eustachio
  6639 | D:6      | Found Gozag's Platinum Reserve.
  6687 | D:6      | Killed Eustachio
  6687 | D:6      | Reached skill level 5 in Axes
  6951 | D:6      | Reached XP level 8. HP: 68/69 MP: 11/11
  6968 | D:6      | Found a shimmering altar of Xom.
  7178 | D:6      | Noticed Edmund
  7190 | D:6      | Killed Edmund
  7566 | D:6      | Found an ornate altar of the Wu Jian Council.
  7869 | D:7      | Reached skill level 5 in Invocations
  7889 | D:7      | Reached skill level 5 in Armour
  7945 | D:7      | Reached **** piety under Lugonu
  8377 | D:7      | Reached skill level 5 in Fighting
  8658 | D:7      | Reached XP level 9. HP: 72/76 MP: 13/13
  8691 | D:7      | Noticed a two-headed ogre
  8998 | D:7      | Noticed Sigmund
  9013 | D:7      | Killed Sigmund
  9087 | D:7      | Banished a two-headed ogre
  9588 | D:8      | Noticed a two-headed ogre
  9935 | D:8      | Banished a two-headed ogre
 10093 | D:8      | Found Wieho's Magic Scroll Shoppe.
 10779 | D:8      | Found Kuf Uwk's Antique Weapon Boutique.
 10901 | D:8      | Reached XP level 10. HP: 85/85 MP: 15/15
 11143 | D:8      | Got a translucent platinum ring
 11145 | D:8      | Identified the ring "Leferr" {Str+2 Slay+2} (You found it on level 8 of the Dungeon)
 11233 | D:8      | Found a staircase to the Lair.
 12037 | Lair:1   | Entered Level 1 of the Lair of Beasts
 12037 | Lair:1   | Noticed a spiny frog
 12044 | Lair:1   | Killed a spiny frog
 12808 | Lair:1   | Reached skill level 1 in Shields
 12947 | Lair:1   | Noticed a spiny frog
 12955 | Lair:1   | Killed a spiny frog
 13273 | Lair:1   | Noticed a black mamba
 13280 | Lair:1   | Killed a black mamba
 13280 | Lair:1   | Reached XP level 11. HP: 82/93 MP: 17/17
 14066 | Lair:1   | Noticed a seven-headed hydra
 14067 | Lair:1   | Banished a seven-headed hydra
 14086 | Lair:1   | Got a transparent helmet
 14097 | Lair:1   | Identified the cursed +0 helmet of Resilience {Str+2} (You found it on level 1 of the Lair of Beasts)
 14552 | Lair:2   | Noticed Nergalle
 14699 | Lair:2   | Killed Nergalle
 14964 | Lair:2   | Got a scorched ivory ring
 14966 | Lair:2   | Identified the ring of Hahioc {Fire Slay+2} (You found it on level 2 of the Lair of Beasts)
 15167 | Lair:2   | Noticed an oklob plant
 15167 | Lair:2   | Noticed an oklob plant
 15217 | Lair:2   | Banished an oklob plant
 15226 | Lair:2   | Killed an oklob plant
 15675 | Lair:2   | Found a staircase to the Shoals.
 16670 | Lair:3   | Found a hole to the Spider Nest.
 16749 | Lair:3   | Reached XP level 12. HP: 80/103 MP: 19/19
 17638 | Lair:4   | Reached skill level 10 in Axes
 17756 | Lair:4   | Reached ***** piety under Lugonu
 17853 | Lair:4   | Found a frozen archway.
 18198 | IceCv    | Entered an ice cave
 18206 | IceCv    | Reached skill level 10 in Invocations
 18211 | IceCv    | Reached skill level 10 in Armour
 18580 | IceCv    | Engulfed by a cloud of freezing vapour

Skill      XL: |  1  2  3  4  5  6  7  8  9 10 11 12 |
---------------+-------------------------------------+-----
Axes           | 2 3 4 5 6 7 8 9 10 | 10.4
Armour         | 2 3 4 5 6 8 9 10 | 10.0
Dodging        | 1 2 |  2.1
Invocations    | 3 4 5 7 8 9 10 | 10.1
Fighting       | 4 5 6 7 |  7.7
Shields        | 1 2 |  2.9
Throwing       | |  0.1

Action                   |  1- 3 |  4- 6 |  7- 9 | 10-12 || total
-------------------------+-------+-------+-------+-------++-------
Melee: Hand axe          |    96 |   234 |   287 |   509 ||  1126
       Kick              |    17 |    49 |    91 |   216 ||   373
Throw: Tomahawk          |       |       |     1 |       ||     1
Invok: Depart the Abyss  |     1 |       |       |       ||     1
       Banish            |       |       |     5 |     5 ||    10
  Use: Scroll            |     3 |     8 |     6 |     9 ||    26
       Potion            |       |     5 |       |       ||     5
  Eat: Chunk             |     2 |    10 |    12 |    20 ||    44
       Ration            |       |       |     1 |     1 ||     2
Armor: Leather armour    |    12 |       |       |       ||    12
       Chain mail        |    45 |   196 |   191 |       ||   432
       Plate armour      |       |       |    90 |   267 ||   357
Dodge: Dodged            |    42 |   119 |   107 |   108 ||   376
Block: Other             |       |       |    24 |    11 ||    35
       Reflection        |       |       |     2 |     1 ||     3
       Buckler           |       |       |       |   157 ||   157
